 Seeded DCSS version 0.29.1-12-g30fa7ad0bf (webtiles) character file.

Game seed: 8801078753918749808 (custom seed)

1787 purpskrrrp the Slicer (level 9, 0/51 (54) HPs)
             Began as a Kobold Brigand on Jan 14, 2023.
             Slain by Maggie
             ... wielding a +2 halberd of draining
              (1 damage)
             ... on level 6 of the Dungeon.
             The game lasted 00:12:50 (5572 turns).

purpskrrrp the Slicer (Kobold Brigand)              Turns: 5572, Time: 00:12:53

HP:   0/51 (54)     AC:  6    Str: 12    XL:     9   Next: 29%
MP:   9/9           EV: 19    Int: 12    God:
Gold: 212           SH:  0    Dex: 23    Spells: 8/8 levels left

rFire   . . .      SeeInvis .   A - +10 rapier "Vuexoed" {elec, *Rage rPois Str+4 Dex+2}
rCold   . . .      Faith    .   (no shield)
rNeg    . . .      Spirit   .   b - +0 robe
rPois   +          Reflect  .   (no helmet)
rElec   .          Harm     .   u - scarf {repulsion}
rCorr   .          Rampage  .   D - +1 Delatra's gloves {ID++}
Will    .....      Rage     20% l - +1 pair of boots
Stlth   +++++.....              (no amulet)
HPRegen 0.17/turn               (no ring)
MPRegen 0.11/turn               (no ring)

@: mighty, on berserk cooldown, hasted and slowed, drained, repel missiles
A: small, no large weapons, nightstalker 3
a: no special abilities


You were on level 6 of the Dungeon.
You visited 1 branch of the dungeon, and saw 6 of its levels.
You also visited: Sewer.

You collected 212 gold pieces.

Inventory:

Hand Weapons
 A - the +10 rapier "Vuexoed" (weapon) {elec, *Rage rPois Str+4 Dex+2}
   (You found it on level 3 of the Dungeon)

   It occasionally discharges a powerful burst of electricity upon striking a
   foe.
   Str:       It affects your strength (+4).
   Dex:       It affects your dexterity (+2).
   rPois:     It protects you from poison.
   *Rage:     It berserks you when you make melee attacks (+20% chance).
Missiles
 d - 25 poisoned darts (quivered)
 e - 3 curare-tipped darts
 n - 4 datura-tipped darts
Armour
 b - a +0 robe (worn)
 l - a +1 pair of boots (worn)
 u - a scarf of repulsion (worn)
 D - the +1 Delatra's gloves (worn) {ID++}
   (You found it on level 4 of the Dungeon)

   It heals its wearer when they drink unknown potions.
   It restores its wearer's MP when they read unknown scrolls.
Jewellery
 a - a ring of protection from fire
 q - a ring of flight
 v - an amulet of faith
 y - an amulet of the acrobat
Wands
 k - a wand of polymorph (7)
Scrolls
 g - a scroll of enchant armour
 i - 2 scrolls of silence
 j - 3 scrolls of fear
 r - 2 scrolls of amnesia
 t - 5 scrolls of teleportation
 z - 3 scrolls of poison
Potions
 c - 2 potions of curing
 f - a potion of might
 h - 3 potions of flight
 m - a potion of haste
 o - 2 potions of invisibility
 p - a potion of lignification {unknown}


   Skills:
 + Level 5.5 Fighting
 * Level 9.0 Short Blades
 + Level 5.4 Throwing
 + Level 5.5 Dodging
 + Level 8.5 Stealth


You had 8 spell levels left.
You didn't know any spells.
Your spell library contained the following spells:

 Spells                   Type           Power      Damage    Failure   Level
 Chain Lightning          Conj/Air       0%         N/A       100%        9
 Fire Storm               Conj/Fire      0%         5d1       100%        9
 Shatter                  Erth           0%         3d5*      100%        9


Dungeon Overview and Level Annotations

Branches:
Dungeon (6/15)             Temple (0/1) D:6           Sewer (visited)

Altars:
Elyvilon
Fedhas
Ru
Vehumet

Annotations:
D:6 Maggie


Innate Abilities, Weirdness & Mutations

You are small and have problems with some larger weapons.
You are completely attuned to the shadows.


Message History

Maggie gives herself a magical halo, but it quickly sputters out.
Maggie misses you. Grinder closely misses you. Maggie barely misses you.
You puncture Grinder!
You kill Grinder!
Maggie hits you from afar with a +2 halberd of draining!
You feel drained.
Your life force feels restored.
Your Short Blades skill increases to level 9!
Unknown command.
You feel yourself speed up. Maggie casts a spell at you.
The bolt of fire misses you. Maggie misses you.
You see here a wand of digging (4).
You puncture Maggie!
Maggie is lightly wounded.
Maggie misses you.
You feel very mighty all of a sudden. Maggie misses you.
You puncture Maggie!
Maggie is moderately wounded.
Maggie hits you with a +2 halberd of draining!
* * * LOW HITPOINT WARNING * * *
You feel drained.
* * * LOW HITPOINT WARNING * * *
You puncture Maggie! Lightning courses through Maggie!
Maggie is severely wounded.
Maggie misses you.
You closely miss Maggie.
Maggie is severely wounded.
You barely miss Maggie.
Maggie is severely wounded.
Maggie completely misses you.
You puncture Maggie!
Maggie is almost dead.
You break out of your daze.
Maggie hits you with a +2 halberd of draining!
* * * LOW HITPOINT WARNING * * *
You feel drained.
You die...

###.###########
##....###
#.......#
##....#.#
#.#.##.#
#.#.##.####
#.#........
#<#.##).###
#@#.##..#
#@#.##...#
#.#.#..#..
####.#....#
.....#..#.#
.......5.##
####..#@..#
#....#...
#.†#####.>


You could see Maggie.

Vanquished Creatures
  Grinder (D:6)
  A wyvern (D:4)
  Duvessa (D:5)
  An ice beast (D:5)
  2 black bears
  2 ogres
  A phantom (D:5)
  Blork the orc (D:4)
  A bullfrog (D:6)
  2 necrophages (D:5)
  Dowan (D:5)
  A hound (D:5)
  4 iguanas
  4 orc wizards
  15 adders
  5 river rats
  An ufetubus (D:4)
  5 worms
  5 dart slugs
  13 orcs
  8 endoplasms
  4 giant cockroaches
  9 goblins
  4 hobgoblins
  6 jackals
  6 quokkas
  8 ball pythons
  10 bats
  8 frilled lizards
  6 kobolds
  6 rats
  A bush (D:4)
143 creatures vanquished.

Vanquished Creatures (collateral kills)
  2 ball pythons (Sewer)
  5 goblins (D:6)
7 creatures vanquished.

Vanquished Creatures (others)
  3 goblins (D:6)
  A ball python (Sewer)
  A butterfly (D:4)
5 creatures vanquished.

Grand Total: 155 creatures vanquished

Notes
Turn   | Place    | Note
-------+----------+-------------------------------------------
     0 | D:1      | purpskrrrp the Kobold Brigand began the quest for the Orb.
     0 | D:1      | Reached XP level 1. HP: 12/12 MP: 1/1
   517 | D:1      | Reached skill level 3 in Short Blades
   535 | D:1      | Reached XP level 2. HP: 17/17 MP: 2/2
   780 | D:1      | Reached XP level 3. HP: 17/22 MP: 3/3
  1696 | D:2      | Reached XP level 4. HP: 27/27 MP: 4/4
  2190 | D:3      | Identified the +10 rapier "Vuexoed" {elec, *Rage rPois
                  | Str+4 Dex+2}
  2226 | D:3      | Reached skill level 4 in Short Blades
  2394 | D:3      | Reached XP level 5. HP: 14/32 MP: 5/5
  2410 | D:3      | Found a glowing drain.
  2420 | Sewer    | Entered a sewer
  2960 | Sewer    | Reached XP level 6. HP: 37/37 MP: 6/6
  2961 | Sewer    | Reached skill level 5 in Short Blades
  3334 | D:3      | Identified the +2 scimitar of Light {drain, rElec rC++
                  | Dex+3 Stlth+}
  3727 | D:4      | Found the +1 Delatra's gloves {ID++}
  3734 | D:4      | Found a radiant altar of Vehumet.
  3752 | D:4      | Found a blossoming altar of Fedhas.
  3929 | D:4      | Found a sacrificial altar of Ru.
  4005 | D:4      | Found a white marble altar of Elyvilon.
  4015 | D:4      | Noticed Blork the orc
  4034 | D:4      | Killed Blork the orc
  4035 | D:4      | Reached XP level 7. HP: 27/42 MP: 7/7
  4038 | D:4      | Noticed a wyvern
  4043 | D:4      | Killed a wyvern
  4044 | D:4      | Reached skill level 6 in Short Blades
  4662 | D:5      | Entered Level 5 of the Dungeon
  4735 | D:5      | Reached XP level 8. HP: 48/48 MP: 8/8
  4796 | D:5      | Noticed Dowan
  4799 | D:5      | Noticed Duvessa
  4807 | D:5      | Killed Dowan
  4810 | D:5      | Killed Duvessa
  4811 | D:5      | Reached skill level 7 in Short Blades
  5113 | D:5      | Reached skill level 5 in Fighting
  5113 | D:5      | Reached skill level 8 in Short Blades
  5222 | D:5      | Reached skill level 5 in Throwing
  5222 | D:5      | Reached skill level 5 in Dodging
  5505 | D:6      | Reached XP level 9. HP: 54/54 MP: 9/9
  5538 | D:6      | Found a staircase to the Ecumenical Temple.
  5552 | D:6      | Noticed Maggie
  5552 | D:6      | Noticed Grinder
  5563 | D:6      | Killed Grinder
  5564 | D:6      | Reached skill level 9 in Short Blades
  5572 | D:6      | HP: 1/52 [Maggie/+2 halberd of draining (9)]
  5572 | D:6      | Slain by Maggie

Illustrated notes

Levels and vault maps discovered:
D:1:      scummos_arrival_forest, layout_basic
D:2:      layout_loops_cross
D:3:      layout_loops_ring, lightli_sewer_entry_pipes, minmay_checkerbox
D:4:      layout_loops_ring, nicolae_vehumet_altar_sigil, kennysheep_mini,
          nicolae_elyvilon_peaceful_grove, nicolae_ru_awakened_eye,
          chequers_serial_rivers_large_b, uniq_blork_the_orc
D:5:      layout_loops_ring, uniq_duvessa
D:6:      layout_loops_ring, nicolae_hepliaklqana_hippocampus,
          grunt_qazlal_sundering, minmay_temple_entry_arrows,
          minmay_ogre_servants, uniq_menkaure, uniq_maggie, uniq_grinder

Skill      XL: |  1  2  3  4  5  6  7  8  9 |
---------------+----------------------------+-----
Short Blades   | 3 4 5 6 8 9 |  9.0
Dodging        | 2 3 4 5 |  5.5
Fighting       | 3 4 5 |  5.5
Throwing       | 3 4 5 |  5.4
Stealth        | 6 7 8 |  8.5

Action                   |  1- 3 |  4- 6 |  7- 9 || total
-------------------------+-------+-------+-------++-------
Melee: Dagger            |    61 |    44 |       ||   105
       Rapier            |       |   118 |    91 ||   209
       Punch             |       |     1 |     3 ||     4
Throw: Dart              |       |     3 |     3 ||     6
  Use: Scroll            |     4 |       |     8 ||    12
       Potion            |       |     2 |     5 ||     7
 Stab: Sleeping          |    18 |    28 |    11 ||    57
       Invisible         |       |     1 |     1 ||     2
       Distracted        |       |     1 |       ||     1
Armor: Robe              |     6 |    32 |    10 ||    48
Dodge: Dodged            |    22 |    91 |    42 ||   155
       Repelled          |       |     1 |     1 ||     2
